 Dungeon Crawl Stone Soup version 0.31-a0-986-g5e6e4ef867 (webtiles) character file.

Game seed: 1800256339055459425

63 croobank the Sneak (level 3, 0/30 HPs)
             Began as a Demigod Delver on Nov 10, 2023.
             Slain by a sleepcap (5 damage)
             ... on level 5 of the Dungeon.
             The game lasted 00:02:08 (364 turns).

croobank the Sneak (Demigod Delver)                  Turns: 364, Time: 00:02:08

Health: 0/30       AC:  3    Str: 13    XL:     3   Next: 61%
Magic:  5/5        EV: 11    Int: 16    God:
Gold:   24         SH:  0    Dex: 15    Spells: 2/2 levels left

rFire   . . .        a - +0 short sword
rCold   . . .        (no shield)
rNeg    . . .        b - +0 leather armour
rPois   .            (no helmet)
rElec   .            (no cloak)
rCorr   .            (no gloves)
SInv    .            (no boots)
Will    .....        (no amulet)
Stlth   +++          (no ring)
HPRegen 0.25/turn    (no ring)
MPRegen 0.09/turn

%: no passive effects
@: no status effects
A: high MP 1, forlorn, divine attributes
a: no special abilities


You were on level 5 of the Dungeon.
You visited 1 branch of the dungeon, and saw 2 of its levels.

You collected 24 gold pieces.

Inventory:

Hand Weapons
 a - a +0 short sword (weapon)
Armour
 b - a +0 leather armour (worn)
Wands
 g - a wand of digging (3)
Scrolls
 c - a scroll of fog


   Skills:
 - Level 2.6 Fighting
 - Level 1.7 Short Blades
 - Level 1.7 Dodging
 + Level 6.0 Stealth


You had 2 spell levels left.
You didn't know any spells.
Your spell library was empty.

Dungeon Overview and Level Annotations

Branches:
Dungeon (6/15)
 Temple: D:4-7


Innate Abilities, Weirdness & Mutations

You have an increased reservoir of magic. (+10% MP)
You shall have no god before yourself.
Your divine heritage dramatically boosts your attributes as you level up.


Message History

It was a scroll of blinking.
A scorpion comes into view.
Found 13 gold pieces.
As you read the scroll labelled WEGUR COUPT, it crumbles to dust.
You feel strangely unstable.
It was a scroll of teleportation.
Your surroundings suddenly seem different.
Found a scroll labelled CIODATURCHO and 11 gold pieces.
A scorpion comes into view.
d - a scroll labelled CIODATURCHO
There are no items here.
You now have 17 gold pieces (gained 4).
As you read the scroll labelled CIODATURCHO, it crumbles to dust.
Magic quickly surges around you.
It was a scroll of vulnerability.
You start waiting.
You feel your willpower return.
You now have 24 gold pieces (gained 7).
You open the door.
A quokka comes into view.
There is an open door here.
You close the door.
You hit the sleepcap but do no damage. The sleepcap misses you.
You hit the sleepcap but do no damage. The sleepcap releases spores at you.
You completely miss the sleepcap. The sleepcap releases spores at you.
You hit the sleepcap but do no damage. You hit the sleepcap.
The sleepcap is lightly damaged.
The sleepcap releases spores at you.
You hit the sleepcap but do no damage.
The sleepcap is lightly damaged.
The sleepcap releases spores at you.
You are engulfed in a cloud of soporific spores!
You fall asleep.
The sleepcap barely misses you. The sleepcap releases spores at you!
You wake up.
* * * LOW HITPOINT WARNING * * *
Unknown command.
You hit the sleepcap but do no damage.
The sleepcap is lightly damaged.
The sleepcap releases spores at you.
You die...

.#.### ... ....## ...
######..r..####.##+##############
......#.............$......s.....
......#.... ...##.....###.......
......#..#####..######. #.######
......#..#...#..# #. #.######
......+..#...#..#### #. #.......
......##.#...#..@f.# #. #.......
......##........##.# #. #.......
......####...#####..##. #.......
......# #...#....#..#. #.......
..........####....##...###.....[.
#####..... #....# #...##.......
#.....# #....# #..##.......
#.....# #....# #.....#.....
.....# #....#####...##.....


You could see a sleepcap.

Vanquished Creatures
  A bullfrog (D:6)
1 creature vanquished.

Notes
Turn   | Place    | Note
-------+----------+-------------------------------------------
     0 | D:5      | croobank the Demigod Delver began the quest for the Orb.
     0 | D:5      | Reached XP level 1. HP: 18/18 MP: 3/3
     1 | D:6      | Noticed a bullfrog
     9 | D:6      | Killed a bullfrog
    10 | D:6      | Reached skill level 6 in Stealth
    10 | D:6      | Reached XP level 2. HP: 9/25 MP: 4/4
    10 | D:6      | Reached XP level 3. HP: 11/30 MP: 5/5
    54 | D:6      | Noticed a bullfrog
    78 | D:5      | HP: 1/30 [poisoned by an adder]
   257 | D:5      | Noticed a scorpion
   262 | D:5      | Noticed a scorpion
   364 | D:5      | Slain by a sleepcap

Illustrated notes

Levels and vault maps discovered:
D:5:      layout_basic, nicolae_sif_muna_little_library
D:6:      layout_loops_ring, enter_ossuary_3

Skill      XL: |  1 |
---------------+----+-----
Stealth        | 6 |  6.0
Fighting       | |  2.6
Short Blades   | |  1.7
Dodging        | |  1.7

Action                     || total
---------------------------++-------
  Melee: Short sword       ||    19
    Use: Scroll            ||     5
         Potion            ||     1
   Stab: Sleeping          ||     1
 Armour: Leather armour    ||    14
  Dodge: Dodged            ||    14

Table legend: (Time is in decaauts)
 A = Elapsed time spent in this place.
 B = Non-inter-level travel time spent in this place.
 C = Inter-level travel time spent in this place.
 D = Time resting spent in this place.
 E = Time spent auto-exploring this place.
 F = Levels seen in this place.
 G = Mean time per level.
                   A        B        C        D        E       F      G
               +--------+--------+--------+--------+--------+-----+--------+
         Total |    349 |    349 |      0 |    204 |      0 |   2 |  174.5 |
       Dungeon |    349 |    349 |      0 |    204 |      0 |   2 |  174.5 |
               +--------+--------+--------+--------+--------+-----+--------+

Top non-repeatable levels by time:
     D:5: 290 daAuts
     D:6: 59 daAuts
